 Dungeon Crawl Stone Soup version 0.13-a0-2450-ga447c6a (webtiles) character file.

2131 Rycklaryybbe the Ducker (level 8, -2/61 HPs)
             Began as a Pale Draconian Assassin on July 17, 2013.
             Was a Follower of Makhleb.
             Slain by Edmund
             ... wielding a +0,+0 flail of distortion
              (18 damage)
             ... on Level 6 of the Dungeon.
             The game lasted 00:24:36 (6873 turns).

Rycklaryybbe the Ducker (Pale Draconian Assassin)   Turns: 6873, Time: 00:24:36

HP  -2/61        AC  7     Str 13      XL: 8   Next: 96%
MP   7/7         EV 13     Int 13      God: Makhleb [*.....]
Gold 203         SH 14     Dex 14      Spells:  0 memorised,  7 levels left

Res.Fire  : . . .   See Invis. : +   p - +6,+2 whip "Throttann" {slash, +Fly}
Res.Cold  : . . .   Warding    : .   (armour unavailable)
Life Prot.: . . .   Conserve   : .   F - +0 shield
Res.Poison: .       Res.Corr.  : .   (helmet restricted)
Res.Elec. : .       Clarity    : .   d - +0 cloak (curse)
Sust.Abil.: . .     Spirit.Shd : .   (no gloves)
Res.Mut.  : .       Stasis     : .   (no boots)
Res.Rott. : .       Flight     : .   (no amulet)
Saprovore : . . .                    (no ring)
                                     m - ring of see invisible

@: slightly resistant to hostile enchantments, fairly stealthy
A: breathe steam, unfitting armour, AC +6
a: Breathe Steam, Renounce Religion, Evoke Flight


You were on level 6 of the Dungeon.
You worshipped Makhleb.
Makhleb was pleased with you.
You were not hungry.

You visited 1 branch of the dungeon, and saw 6 of its levels.
You also visited: Sewer.

You collected 153 gold pieces.

Inventory:

Hand weapons
 a - a +2,+2 dagger {=f}
 b - a +0 blowgun
 p - the +6,+2 whip "Throttann" (weapon) {slash, +Fly}
   (You found it on level 5 of the Dungeon)

   It inflicts extra damage upon your enemies.
   It lets you fly.
Missiles
 e - 8 poisoned needles
 f - 2 curare-tipped needles
Armour
 d - a cursed +0 cloak (worn)
 F - a +0 shield (worn)
Magical devices
 v - a wand of magic darts (8)
Comestibles
 g - 3 bread rations
 r - 2 apples
 t - a meat ration
Scrolls
 c - a scroll of magic mapping
 h - a scroll of fear
 k - a scroll of enchant armour
 n - 4 scrolls of recharging {unknown}
 o - 5 scrolls of teleportation
 s - 2 scrolls of remove curse {unknown}
 A - a scroll of identify
Jewellery
 m - a ring of see invisible (left hand)
Potions
 i - a potion of might
 l - 2 potions of restore abilities
 u - 2 potions of flight
 w - a potion of brilliance
 z - a potion of speed
Magical staves
 B - an uncursed staff of cold


   Skills:
 - Level 2.1 Fighting
 - Level 4.4 Short Blades
 + Level 0.0 Maces & Flails
   Level 7.2 Polearms
 - Level 1.7 Throwing
 + Level 7.4 Dodging
 - Level 3.6 Stealth


You had 7 spell levels left.
You didn't know any spells.

Dungeon Overview and Level Annotations

Branches:
Dungeon (6/27)
 Temple: D:4-7          Orc: D:6-11

Altars:
Ashenzari
Cheibriados
Fedhas
Makhleb
Okawaru
Vehumet

Shops:
D:5: } D:6: =

Annotations
D:6 Edmund


Message History

Edmund throws a stone.
The stone hits you!
You see here a stone.
Edmund throws a stone.
The stone hits you!
* * * LOW HITPOINT WARNING * * *
You see here a stone.
Edmund throws a stone.
The stone misses you.
Edmund throws a stone.
The stone hits you!
* * * LOW HITPOINT WARNING * * *
You see here a stone.
Edmund closely misses you.
You hit Edmund but do no damage.
Your tail-slap misses Edmund.
Edmund is heavily wounded.
You block Edmund's attack.
You completely miss Edmund.
Edmund is heavily wounded.
You block Edmund's attack.
You barely miss Edmund.
Edmund is heavily wounded.
Edmund hits you but does no damage. Space warps horribly around you!
You die...

#.............# ###......)..
#..........(..###.........).
####.<.###.(.(..#.......(...
#######...(..#.........∩. #####
#...((.............. #...##
#..(.).............. .....#
#.(................. .....#
###((................ .....##
#..(@................ ......#####
#...@..)..##........<
......#...###.)).................
.#.....................(.........
.................................
...............()..#.....).......
......#......................)...
.............(..............>....
............(###................(


You could see Edmund.

Vanquished Creatures
  Eustachio (D:6)
  2 ice beasts (D:6)
  A phantom (D:4)
  An ogre (D:5)
  2 centaurs
  3 wights (D:6)
  A goliath beetle (D:6)
  4 crimson imps
  5 orc wizards
  A gnoll shaman (D:5)
  2 orc priests
  2 worker ants (D:5)
  An iguana (D:5)
  A statue (D:6)
  A jelly (D:5)
  A hound skeleton (D:6)
  Terence (D:3)
  A worker ant zombie (D:5)
  9 gnolls
  4 adders
  2 green rats (Sewer)
  2 giant mites
  A white imp (D:6)
  A worm (D:3)
  4 grey rats (Sewer)
  A giant eyeball (D:6)
  5 giant geckos
  An ooze (D:1)
  12 orcs
  3 ball pythons
  18 goblins
  8 hobgoblins
  2 jackals (D:2)
  13 kobolds
  4 quokkas
  A ball python skeleton (D:5)
  11 bats
  4 giant cockroaches
  4 giant newts
  A hobgoblin skeleton (D:6)
  An orc skeleton (D:6)
  14 rats
157 creatures vanquished.

Vanquished Creatures (others)
  An ogre (D:5)
  A centaur (D:6)
  2 big kobolds (Sewer)
  2 crimson imps (D:6)
  A wight (D:6)
  A worker ant (D:6)
  An ogre zombie (D:6)
  2 gnolls
  An adder (Sewer)
  A worm (Sewer)
  An orc (D:4)
14 creatures vanquished.

Grand Total: 171 creatures vanquished

Notes
Turn   | Place    | Note
--------------------------------------------------------------
     0 | D:1      | Rycklaryybbe, the Draconian Assassin, began the quest for the Orb.
     0 | D:1      | Reached XP level 1. HP: 16/16 MP: 0/0
   936 | D:2      | Reached XP level 2. HP: 11/23 MP: 1/1
  1369 | D:2      | Reached XP level 3. HP: 15/28 MP: 2/2
  1849 | D:2      | Found an iron altar of Okawaru.
  1887 | D:2      | Reached skill level 4 in Short Blades
  2216 | D:3      | Found a glowing drain.
  2328 | D:3      | Reached XP level 4. HP: 36/36 MP: 3/3
  2438 | Sewer    | Entered a sewer
  2625 | Sewer    | Noticed a big kobold
  2634 | Sewer    | Banished a big kobold
  2634 | Sewer    | Reached XP level 5. HP: 31/41 MP: 4/4
  2816 | Sewer    | Noticed a big kobold
  2822 | Sewer    | Banished a big kobold
  2884 | Sewer    | Paralysed by a potion of paralysis for 7 turns
  3075 | D:3      | Noticed Terence
  3088 | D:3      | Killed Terence
  3097 | D:3      | Found a snail-covered altar of Cheibriados.
  3119 | D:3      | Reached XP level 6. HP: 44/48 MP: 5/5
  3458 | D:4      | Reached skill level 5 in Polearms
  4521 | D:4      | Reached skill level 6 in Polearms
  4543 | D:4      | Your scales start fading to a pale cyan-grey colour.
  4543 | D:4      | Reached XP level 7. HP: 53/53 MP: 6/6
  4575 | D:5      | Entered Level 5 of the Dungeon
  4772 | D:5      | Reached skill level 7 in Polearms
  4840 | D:5      | Reached skill level 1 in Dodging
  4994 | D:5      | Reached XP level 8. HP: 41/61 MP: 7/7
  5079 | D:5      | Got a dazzling whip
  5098 | D:5      | Found a burning altar of Makhleb.
  5099 | D:5      | Found a shattered altar of Ashenzari.
  5107 | D:5      | Became a worshipper of Makhleb the Destroyer
  5252 | D:5      | Found Doaps' Gadget Boutique.
  5456 | D:6      | Found Paoqef's Jewellery Emporium.
  5733 | D:6      | Reached skill level 5 in Dodging
  5998 | D:6      | Found a blossoming altar of Fedhas.
  6072 | D:6      | Noticed Eustachio
  6078 | D:6      | HP: 2/61 [centaur/arrow (15)]
  6148 | D:6      | Killed Eustachio
  6179 | D:6      | Found a radiant altar of Vehumet.
  6323 | D:6      | Noticed Edmund
  6385 | D:6      | Paralysed by a giant eyeball for 4 turns
  6391 | D:6      | Acquired Makhleb's first power
  6521 | D:6      | Identified the whip "Throttann" {slash, +Fly} (You found it on level 5 of the Dungeon)
  6873 | D:6      | Slain by Edmund

Action                   |  1- 3 |  4- 6 |  7- 9 || total
-------------------------+-------+-------+-------++-------
Melee: Dagger            |   180 |     4 |       ||   184
       Spear             |       |   207 |   245 ||   452
       Whip              |       |       |    19 ||    19
       Staff             |       |       |     1 ||     1
Throw: Spear             |       |       |     1 ||     1
 Abil: Breathe Steam     |       |       |     2 ||     2
  Use: Scroll            |     3 |     9 |     3 ||    15
       Potion            |       |     8 |     5 ||    13
 Stab: Sleeping          |       |     6 |     4 ||    10
       Invisible         |       |     1 |       ||     1
       Distracted        |       |       |     1 ||     1
